 Dungeon Crawl Stone Soup version 0.29-a0-271-gd4eb659eea (webtiles) character file.

Game seed: 5960394199268968523

205 spaghetti the Skirmisher (level 5, -7/56 HPs)
             Began as a Naga Chaos Knight on Mar 8, 2022.
             Was a Plaything of Xom.
             Mangled by a hellwing (10 damage)
             ... summoned by Xom
             ... on level 2 of the Dungeon.
             The game lasted 00:02:30 (1736 turns).

spaghetti the Skirmisher (Naga Chaos Knight)        Turns: 1736, Time: 00:02:31

Health: -7/56      AC: 10    Str: 16    XL:     5   Next: 83%
Magic:  5/5        EV:  9    Int: 12    God:    Xom [......]
Gold:   97         SH:  0    Dex: 11    Spells: 4/4 levels left

rFire   . . .      SeeInvis +   a - +1 spear (chaos) {polearm}
rCold   . . .      Faith    .   (no shield)
rNeg    . . .      Spirit   .   b - +3 leather armour
rPois   +          Reflect  .   (helmet restricted)
rElec   .          Harm     .   (no cloak)
rCorr   .          Rampage  .   (no gloves)
Will    .....                   (no barding)
Stlth   +.........              (no amulet)
HPRegen 0.18/turn               h - +4 ring of protection
MPRegen 0.09/turn               (no ring)

@: very slow
A: AC +1, large, see invisible, deformed body, poison resistance, slowness 2,
spit poison 1, naga tail 1, horns 1, no potion heal 1
a: Spit Poison, Renounce Religion


You were on level 2 of the Dungeon.
You worshipped Xom.
You were a very special plaything of Xom.
You visited 1 branch of the dungeon, and saw 2 of its levels.

You collected 97 gold pieces.


Innate Abilities, Weirdness & Mutations

Your serpentine skin is tough. (AC +1)
You have supernaturally acute eyesight. (SInv)
Armour fits poorly on your strangely shaped body.
Your system is resistant to poisons. (rPois)
You cover ground very slowly.
You can spit poison.
You have a snake-like lower body.
You have a pair of small horns on your head.
Potions are less effective at restoring your health.


   Skills:
 + Level 6.3 Fighting
 - Level 3.0 Polearms
 - Level 1.5 Armour
 - Level 0.7 Dodging


You had 4 spell levels left.
You didn't know any spells.
Your spell library was empty.

Inventory:

Hand Weapons
 a - a +1 spear of chaos (weapon) {polearm}
Missiles
 f - 29 stones {throwing}
 k - 6 poisoned darts {throwing}
Armour
 b - a +3 leather armour (worn)
Jewellery
 h - a +4 ring of protection (left hand)
   (You found it on level 1 of the Dungeon)
 l - an amulet of magic regeneration {@e2}
   (You found it on level 1 of the Dungeon)
Scrolls
 d - a scroll of vulnerability {!r!r}
 j - a scroll of magic mapping {!r}
 m - 2 scrolls of fear
Miscellaneous
 c - a piece from Xom's chessboard (15/15) (quivered)

Dungeon Overview and Level Annotations

Branches:
Dungeon (2/15)

Altars:

#..# .... ...# ..#
#..# ... .... #.##
#.####..# .# #.#..
#.......# ##.
#.#..###.# #5# ...##
#.#......# #5# #...#
#.#.##.### #@#
###.#.# #
#.#.#...#####4#
#.....# #
#.#.......#^..#
#.....##### #
#<###...#.#.###
#........S. ####.#
##.##.)#.##
#.......#### #
.....#
#.....##.....#.....#
# .#####
####..#.####.......#
# .# #.#.# #.....##
# .# ####.#.#
#....## #


You could see a hellwing (summoned, fast, invisible), an iron imp (summoned) and
an ufetubus (summoned).


Message History

You take 1 damage, and now have 52/56 hp.
You hit the hellwing but do no damage.
You headbutt the hellwing, but do no damage.
The ufetubus barely misses you. The ufetubus closely misses you.
The hellwing barely misses you. The hellwing closely misses you.
The ufetubus barely misses you.
The ufetubus hits you but does no damage.
You closely miss the hellwing. The hellwing hits you!
The hellwing barely misses you. 😕 HP[-8]
You take 8 damage, and now have 44/56 hp.
You barely miss the hellwing. Your headbutt misses the hellwing.
The hellwing barely misses you. x2 😕 HP[+1]
You hit the hellwing but do no damage.
You headbutt the hellwing, but do no damage.
The hellwing hits you.
The hellwing hits you but does no damage.
The iron imp hits you.
Unknown command. 😮 HP[-7]
You take 7 damage, and now have 38/56 hp.
You hit the hellwing but do no damage.
The hellwing hits you but does no damage. x2
You hit the hellwing but do no damage. Your headbutt misses the hellwing.
The iron imp hits you but does no damage.
The hellwing hits you!
The hellwing hits you but does no damage. 😮 HP[-8]
You take 8 damage, and now have 30/56 hp.
You closely miss the hellwing. Your headbutt misses the hellwing.
The hellwing hits you.
The hellwing hits you but does no damage.
The iron imp barely misses you. 😮 HP[-1]
You take 1 damage, and now have 29/56 hp.
Unknown command.
You hit the hellwing but do no damage.
You headbutt the hellwing, but do no damage.
The hellwing hits you but does no damage.
The hellwing hits you.
* * * LOW HITPOINT WARNING * * *
The iron imp closely misses you. 😨 HP[-3]
You take 3 damage, and now have 26/56 hp.
You hit the hellwing but do no damage.
The hellwing hits you but does no damage.
The hellwing hits you.
* * * LOW HITPOINT WARNING * * *
😨 HP[-2]
You take 2 damage, and now have 24/56 hp.
You hit the hellwing. The iron imp barely misses you.
The hellwing hits you but does no damage.
The hellwing closely misses you.
You hit the hellwing.
The hellwing resists with almost no effort.
The iron imp barely misses you. The hellwing barely misses you.
The hellwing closely misses you.
You barely miss the hellwing. Your headbutt misses the hellwing.
The hellwing closely misses you. x2
The iron imp hits you but does no damage.
You hit the hellwing but do no damage. The hellwing barely misses you. x2
You hit the hellwing.
The hellwing seems to speed up.
You headbutt the hellwing, but do no damage.
The iron imp barely misses you. The hellwing hits you.
* * * LOW HITPOINT WARNING * * *
The hellwing hits you but does no damage. 😨 HP[-1]
You take 1 damage, and now have 23/56 hp.
You aren't carrying any potions.
You barely miss the hellwing.
You headbutt the hellwing, but do no damage.
The hellwing barely misses you.
The hellwing hits you but does no damage.
The iron imp closely misses you.
The hellwing hits you but does no damage.
The hellwing hits you.
* * * LOW HITPOINT WARNING * * *
You hit the hellwing but do no damage. The hellwing hits you.
* * * LOW HITPOINT WARNING * * *
The hellwing hits you but does no damage.
The iron imp hits you!
* * * LOW HITPOINT WARNING * * *
😱 HP[-12]
You take 12 damage, and now have 11/56 hp.
MASSIVE DAMAGE!! (PAUSE)
You closely miss the hellwing. The hellwing hits you.
* * * LOW HITPOINT WARNING * * *
The hellwing hits you.
* * * LOW HITPOINT WARNING * * *
😱 HP[-2]
You take 2 damage, and now have 9/56 hp.
You hit the hellwing but do no damage. The hellwing hits you.
* * * LOW HITPOINT WARNING * * *
The hellwing hits you but does no damage.
The iron imp hits you.
* * * LOW HITPOINT WARNING * * *
The hellwing hits you!
You die...

Skill      XL: |  1  2  3  4 |
---------------+-------------+-----
Fighting       | 4 6 |  6.3
Polearms       | |  3.0
Armour         | |  1.5
Dodging        | |  0.7

Action                   |  1- 3 |  4- 6 || total
-------------------------+-------+-------++-------
Melee: Spear             |   143 |    32 ||   175
       Punch             |     1 |       ||     1
       Headbutt          |       |     6 ||     6
 Abil: Spit Poison       |       |     1 ||     1
  Use: Scroll            |     9 |       ||     9
       Potion            |       |     3 ||     3
Armor: Leather armour    |    55 |    21 ||    76
Dodge: Dodged            |    33 |    33 ||    66

Levels and vault maps discovered:
D:1:      minmay_arrival_loop, layout_loops_ring
D:2:      layout_loops_ring, roderic_lattice_a, uniq_sigmund

Notes
Turn   | Place    | Note
-------+----------+-------------------------------------------
     0 | D:1      | spaghetti the Naga Chaos Knight began the quest for the
                  | Orb.
     0 | D:1      | Reached XP level 1. HP: 21/21 MP: 1/1
     0 | D:1      | magus.rc [v1.9.6]
    47 | D:1      | XOM: silly message
   163 | D:1      | Reached XP level 2. HP: 28/28 MP: 2/2
   193 | D:1      | XOM: silly message
   205 | D:1      | XOM: divination: detect creatures
   423 | D:1      | Reached skill level 4 in Fighting
   703 | D:1      | Reached XP level 3. HP: 35/36 MP: 3/3
  1254 | D:2      | XOM: silly message
  1285 | D:2      | XOM: divination: detect creatures
  1317 | D:2      | XOM: 8-stop teleportation journey
  1363 | D:2      | XOM: silly message
  1508 | D:2      | Reached XP level 4. HP: 45/45 MP: 4/4
  1523 | D:2      | Noticed Sigmund
  1526 | D:2      | Gained mutation: Potions are less effective at restoring
                  | your health. [potion of mutation]
  1526 | D:2      | Gained mutation: You have a pair of small horns on your
                  | head. [potion of mutation]
  1535 | D:2      | Killed Sigmund
  1536 | D:2      | Reached skill level 6 in Fighting
  1536 | D:2      | Reached XP level 5. HP: 25/56 MP: 5/5
  1714 | D:2      | XOM: summons 3 hostile demons
  1715 | D:2      | Noticed a hellwing
  1734 | D:2      | HP: 11/56 [iron imp[Xom] (7)]
  1736 | D:2      | HP: 3/56 [iron imp[Xom] (5)]
  1736 | D:2      | Mangled by a hellwing

Vanquished Creatures
  Sigmund (D:2)
  An adder (D:2)
  A worm (D:2)
  A dart slug (D:2)
  4 bats
  4 endoplasms
  2 giant cockroaches (D:1)
  6 goblins
  7 hobgoblins
  3 jackals (D:1)
  A quokka (D:2)
  A frilled lizard (D:2)
  5 kobolds
  6 rats
43 creatures vanquished.

Table legend:
 A = Non-vault XP
 B = Vault XP
 C = Vault XP percentage of total XP
 D = Non-vault monster count
 E = Vault monster count
 F = Vault count percentage of total count
                 A         B        C        D         E       F
            +---------+---------+-------+---------+---------+-------
      Total |      86 |     208 |  70.7 |      42 |       1 |   2.3
            +---------+---------+-------+---------+---------+-------
        D:1 |      45 |       0 |   0.0 |      28 |       0 |   0.0
        D:2 |      41 |     208 |  83.5 |      14 |       1 |   6.7
            +---------+---------+-------+---------+---------+-------

Illustrated notes

Table legend:
 A = Kills in this place as a percentage of kills in entire the game.
 B = Kills by you in this place as a percentage of kills by you in the entire game.
 C = Kills by friends in this place as a percentage of kills by friends in the entire game.
 D = Other kills in this place as a percentage of other kills in the entire game.
 E = Experience gained in this place as a percentage of experience gained in the entire game.
 F = Experience gained in this place divided by the number of levels of this place that you have seen.
                   A       B       C       D       E      F
               +-------+-------+-------+-------+-------+----------------------
         Total | 100.0 | 100.0 |   N/A |   N/A | 100.0 | 147.0
       Dungeon | 100.0 | 100.0 |   N/A |   N/A | 100.0 | 147.0
               +-------+-------+-------+-------+-------+----------------------

Table legend: (Time is in decaauts)
 A = Elapsed time spent in this place.
 B = Non-inter-level travel time spent in this place.
 C = Inter-level travel time spent in this place.
 D = Time resting spent in this place.
 E = Time spent auto-exploring this place.
 F = Levels seen in this place.
 G = Mean time per level.
                   A        B        C        D        E       F      G
               +--------+--------+--------+--------+--------+-----+--------+
         Total |   2147 |   2076 |     71 |    157 |   1586 |   2 | 1073.5 |
       Dungeon |   2147 |   2076 |     71 |    157 |   1586 |   2 | 1073.5 |
               +--------+--------+--------+--------+--------+-----+--------+

Top non-repeatable levels by time:
     D:1: 1293 daAuts
     D:2: 854 daAuts
